Sabres vs Capitals

Created - Monday, January 11, 2016 at 01:29

Goals
1 2 3 OT1 SO T
Sabres 1 0 0 0 1 2
Capitals 0 1 0 0 0 1
Shots
1 2 3 OT1 SO T
Sabres 12 8 11 2 3 33
Capitals 6 2 26 8 3 42

1st period

1. Sabres , Rasmus Ristolainen 3 (Blake Wheeler, Ryan Kesler) at 11:52 (PP)

Penalties :
Brad Mills (Was) for Fighting (Major) at 0:29, Blake Wheeler (Buf) for Fighting (Major) at 0:29, Kyle Jean (Was) for Fighting (Major) at 2:47, Sidney Crosby (Buf) for Fighting (Major) at 2:47, Kyle Jean (Was) for instigated a fight (Minor) at 2:47, Kyle Jean (Was) for instigated a fight (10 Minutes Misconduct) at 2:47, Sidney Crosby (Buf) for Hooking (Minor) at 8:08, Shawn O'Donnell (Was) for Hooking (Minor) at 11:45, Pierre-Alexandre Parenteau (Buf) for Hooking (Minor) at 19:07

2nd period

2. Capitals , Damon Severson 7 (Brett Sutter, Luke Adam) at 0:58 (PP)

Penalties :
Brett Sutter (Was) for Tripping (Minor) at 1:19, Mark Cundari (Was) for Hooking (Minor) at 13:44

3rd period

No Goal

Penalties :
Pierre-Alexandre Parenteau (Buf) for Tripping (Minor) at 14:24, Kevin Henderson (Was) for Fighting (Major) at 18:20, Ryan Kesler (Buf) for Fighting (Major) at 18:20, Jay Bouwmeester (Buf) for Slashing (Double Minor) at 19:12

Overtime #1

No Goal

Penalties :
No Penalty

Shootout

Penalty Shot by Sidney Crosby for Sabres - Goal!
Penalty Shot by Kris Versteeg for Capitals - Stopped by Karri Ramo
Penalty Shot by Steven Stamkos for Sabres - Stopped by Marc-Andre Fleury
Penalty Shot by Eric O'Dell for Capitals - Shot Misses the Net
Penalty Shot by Gustav Nyquist for Sabres - Stopped by Marc-Andre Fleury
Penalty Shot by Luke Adam for Capitals - Stopped by Karri Ramo

Penalties :
No Penalty

Goalie Stats

Karri Ramo (Buf), 41 saves from 42 shots - (0.976), W, 8-3-0, 65:00 minutes
Marc-Andre Fleury (Was), 32 saves from 33 shots - (0.970), OTL, 12-17-2, 65:00 minutes

Players Stats for Sabres

Player Name              G  A  P  +/- PIM S  H  SB GA TA FO     MP     PP MP  PK MP  
------------------------------------------------------------------------------------
Alex Pietrangelo         0  0  0   0  0   3  2  2  0  2  0/0    27:19   3:03   5:08 
Benoit Pouliot           0  0  0   0  0   0  1  1  2  0  0/1    18:07   3:25   0:48 
Blake Wheeler            0  1  1   0  5   1  2  0  1  2  0/0    15:18   1:58   0:00 
Boyd Gordon              0  0  0   0  0   1  0  2  0  0  8/9    13:57   0:00   4:23 
Brooks Orpik             0  0  0   0  0   1  0  3  0  2  0/0    20:27   0:00   5:16 
Chris Higgins            0  0  0   0  0   3  2  2  0  0  2/2    13:35   0:00   4:48 
David Perron             0  0  0   0  0   3  3  0  4  0  1/1    12:29   1:07   0:00 
Dwight King              0  0  0   0  0   1  1  2  3  1  0/0    12:42   0:00   3:24 
Gustav Nyquist           0  0  0   0  0   0  0  0  4  0  2/2    19:03   3:31   0:00 
Jay Bouwmeester          0  0  0   0  4   2  1  0  1  0  0/0    23:01   3:01   2:29 
Matt Stajan              0  0  0   0  0   0  1  1  0  0  5/6    11:08   0:00   0:00 
Nate Schmidt             0  0  0   0  0   0  2  2  0  1  0/0    14:23   0:00   0:00 
Nikita Zadorov           0  0  0   0  0   0  1  3  0  1  0/0    23:18   3:01   4:40 
Pierre-Alexandre Parente 0  0  0   0  4   4  1  0  0  0  0/1    11:25   0:00   0:00 
Rasmus Ristolainen       1  0  1   0  0   3  1  2  0  1  0/0    21:31   3:03   2:03 
Ryan Kesler              0  1  1   0  5   3  2  2  0  0  13/18  18:52   2:33   3:01 
Sidney Crosby            0  0  0   0  7   5  4  0  2  0  8/9    16:18   2:07   0:00 
Steven Stamkos           0  0  0   0  0   3  1  0  7  0  1/1    17:51   3:31   0:00 

Players Stats for Capitals

Player Name              G  A  P  +/- PIM S  H  SB GA TA FO     MP     PP MP  PK MP  
------------------------------------------------------------------------------------
Andy Greene              0  0  0   0  0   4  0  5  1  2  0/0    28:38   4:43   4:15 
Brad Mills               0  0  0   0  5   0  0  0  0  0  0/0     9:12   2:46   0:53 
Brett Sutter             0  1  1   0  2   3  0  0  1  0  0/0    21:38   3:50   0:56 
Chris Bruton             0  0  0   0  0   0  0  0  0  0  0/1     3:00   0:22   0:00 
Damon Severson           1  0  1   0  0   13 0  2  1  4  0/0    22:44   1:53   1:49 
Eric Gelinas             0  0  0   0  0   0  3  3  3  1  0/0    28:38   4:43   4:15 
Eric Neilson             0  0  0   0  0   0  2  0  0  0  0/1    18:51   3:50   0:00 
Eric O'Dell              0  0  0   0  0   5  4  2  2  0  0/8    23:50   2:16   3:27 
Greg Miller              0  0  0   0  0   0  0  0  0  1  3/5    12:30   0:00   0:00 
Julian Melchiori         0  0  0   0  0   0  0  3  0  0  0/0    14:28   0:00   0:12 
Kevin Henderson          0  0  0   0  5   1  0  0  1  1  0/0    17:02   0:00   1:41 
Kris Versteeg            0  0  0   0  0   7  0  0  3  3  1/8    25:31   2:24   3:31 
Kyle Jean                0  0  0   0  17  0  0  0  0  0  0/0     8:16   0:00   0:00 
Luke Adam                0  1  1   0  0   3  2  0  1  0  5/20   20:53   3:50   1:40 
Mark Cundari             0  0  0   0  2   4  1  0  0  1  0/0    21:54   1:53   1:37 
Maxime Macenauer         0  0  0   0  0   2  1  0  0  0  1/7    13:37   0:00   0:00 
Shawn O'Donnell          0  0  0   0  2   0  0  0  1  0  0/0     9:41   0:30   0:00 
Steve Oleksy             0  0  0   0  0   0  0  1  1  0  0/0    13:38   0:00   0:00 

3 Stars

1 - Karri Ramo (Buf)
2 - Marc-Andre Fleury (Was)
3 - Rasmus Ristolainen (Buf)

Power Play

Sabres - 1 on 4 Attempt(s) - 25.00%
Capitals - 1 on 5 Attempt(s) - 20.00%

Penalty Kill

Sabres - 4 on 5 Attempt(s) - 80.00% - Score 0 goal in Penalty Kill
Capitals - 3 on 4 Attempt(s) - 75.00% - Score 0 goal in Penalty Kill

Team Stat

Sabres - Hits : 25 - Faceoff Wins : 40 - Blocked Shots : 22 - Penalty Minutes : 25
Capitals - Hits : 13 - Faceoff Wins : 10 - Blocked Shots : 16 - Penalty Minutes : 33

Official

Referees : Unknown
Linesman : Unknown

Game Notes

Brad Mills and Blake Wheeler fight to a draw at 0:29 of 1st period
Kyle Jean beats up Sidney Crosby at 2:47 of 1st period
Kevin Henderson and Ryan Kesler fight to a draw at 18:20 of 3rd period

Finance

Level 1 -- Attendance: 4990 (83.17%) -- Ticket Income $449,100
Level 2 -- Attendance: 3703 (74.06%) -- Ticket Income $203,665
Level 3 -- Attendance: 1838 (91.90%) -- Ticket Income $55,140
Level 4 -- Attendance: 3832 (95.80%) -- Ticket Income $65,144
Luxury Box -- Attendance: 880 (88.00%) -- Ticket Income $151,360
Game was played at the Verizon Center.
Total Attendance: 15243 (84.68%)
Total Ticket Income: $924,409
Other Income: $452,960
Total Income: $1,377,369

Sabres

5 vs 5 Forward 
   Center                   Left Wing                Right Wing               Time % Phy DF OF 
 1 Sidney Crosby            Gustav Nyquist           Blake Wheeler            35     0   2  3  
 2 Ryan Kesler              Benoit Pouliot           Steven Stamkos           33     0   2  3  
 3 Matt Stajan              David Perron             Pierre-Alexandre Parentea20     1   2  2  
 4 Boyd Gordon              Chris Higgins            Dwight King              12     2   3  0  

5 vs 5 Defense 
   Defense                  Defense                                           Time % Phy DF OF 
 1 Alex Pietrangelo         Brooks Orpik                                      35     1   2  2  
 2 Jay Bouwmeester          Rasmus Ristolainen                                30     1   3  1  
 3 Nikita Zadorov           Nate Schmidt                                      25     3   2  0  
 4 Alex Pietrangelo         Jay Bouwmeester                                   10     0   2  3  

PowerPlay Forward 
   Center                   Left Wing                Right Wing               Time % Phy DF OF 
 1 Sidney Crosby            Gustav Nyquist           Steven Stamkos           57     0   0  5  
 2 Ryan Kesler              Benoit Pouliot           Blake Wheeler            43     0   1  4  

PowerPlay Defense
   Defense                  Defense                                           Time % Phy DF OF 
 1 Alex Pietrangelo         Rasmus Ristolainen                                57     0   1  4  
 2 Jay Bouwmeester          Nikita Zadorov                                    43     1   1  3  

Penalty Kill 4 Players Forward 
   Center                   Wing                     Time % Phy DF OF 
 1 Boyd Gordon              Chris Higgins            50     2   3  0  
 2 Ryan Kesler              Dwight King              50     1   4  0  

Penalty Kill 4 Players Defense
   Defense                  Defense                  Time % Phy DF OF 
 1 Alex Pietrangelo         Brooks Orpik             50     1   3  1  
 2 Jay Bouwmeester          Nikita Zadorov           50     2   3  0  

Penalty Kill - 3 Players Forward 
   Forward                                           Time % Phy DF OF 
 1 Boyd Gordon                                       50     1   4  0  
 2 Ryan Kesler                                       50     1   4  0  

Penalty Kill - 3 Players Defense
   Defense                  Defense                  Time % Phy DF OF 
 1 Alex Pietrangelo         Brooks Orpik             50     2   2  1  
 2 Jay Bouwmeester          Nikita Zadorov           50     2   2  1  

4 vs 4 Forward 
   Center                   Wing                     Time % Phy DF OF 
 1 Sidney Crosby            Steven Stamkos           57     0   2  3  
 2 Ryan Kesler              Blake Wheeler            43     1   2  2  

4 vs 4 Defense
   Defense                  Defense                  Time % Phy DF OF 
 1 Alex Pietrangelo         Rasmus Ristolainen       57     1   2  2  
 2 Jay Bouwmeester          Nikita Zadorov           43     1   2  2  

Last Minutes Offensive
   Center                   Left Wing                Right Wing               Defense                  Defense                  
   Sidney Crosby            Gustav Nyquist           Steven Stamkos           Alex Pietrangelo         Rasmus Ristolainen       

Last Minutes Defensive
   Center                   Left Wing                Right Wing               Defense                  Defense                  
   Ryan Kesler              Chris Higgins            Blake Wheeler            Alex Pietrangelo         Brooks Orpik             

Goaltenders
Starting : Karri Ramo               
Backup : Ondrej Pavelec           

Extra Forwards
Normal : Gustav Nyquist, David Perron, Benoit Pouliot - PP : Blake Wheeler, David Perron - PK : Chris Higgins
Extra Defensemen
Normal : Rasmus Ristolainen, Nikita Zadorov, Nate Schmidt - PP : Nikita Zadorov - PK : Rasmus Ristolainen, Nikita Zadorov
Penalty Shots
Sidney Crosby, Steven Stamkos, Gustav Nyquist, Ryan Kesler, Blake Wheeler

Capitals

5 vs 5 Forward 
   Center                   Left Wing                Right Wing               Time % Phy DF OF 
 1 Eric O'Dell              Kris Versteeg            Brad Mills               35     1   2  2  
 2 Luke Adam                Brett Sutter             Eric Neilson             30     1   2  2  
 3 Maxime Macenauer         Kevin Henderson          Kris Versteeg            22     1   2  2  
 4 Greg Miller              Kyle Jean                Eric O'Dell              13     1   2  2  

5 vs 5 Defense 
   Defense                  Defense                                           Time % Phy DF OF 
 1 Andy Greene              Eric Gelinas                                      35     1   2  2  
 2 Damon Severson           Mark Cundari                                      30     1   2  2  
 3 Steve Oleksy             Julian Melchiori                                  22     1   2  2  
 4 Andy Greene              Eric Gelinas                                      13     1   2  2  

PowerPlay Forward 
   Center                   Left Wing                Right Wing               Time % Phy DF OF 
 1 Eric O'Dell              Kris Versteeg            Brad Mills               60     1   2  2  
 2 Luke Adam                Brett Sutter             Eric Neilson             40     1   2  2  

PowerPlay Defense
   Defense                  Defense                                           Time % Phy DF OF 
 1 Andy Greene              Eric Gelinas                                      60     1   2  2  
 2 Damon Severson           Mark Cundari                                      40     1   2  2  

Penalty Kill 4 Players Forward 
   Center                   Wing                     Time % Phy DF OF 
 1 Kris Versteeg            Eric O'Dell              60     1   2  2  
 2 Luke Adam                Brett Sutter             40     1   2  2  

Penalty Kill 4 Players Defense
   Defense                  Defense                  Time % Phy DF OF 
 1 Andy Greene              Eric Gelinas             60     1   2  2  
 2 Damon Severson           Mark Cundari             40     1   2  2  

Penalty Kill - 3 Players Forward 
   Forward                                           Time % Phy DF OF 
 1 Kris Versteeg                                     60     1   2  2  
 2 Eric O'Dell                                       40     1   2  2  

Penalty Kill - 3 Players Defense
   Defense                  Defense                  Time % Phy DF OF 
 1 Andy Greene              Eric Gelinas             60     1   2  2  
 2 Damon Severson           Mark Cundari             40     1   2  2  

4 vs 4 Forward 
   Center                   Wing                     Time % Phy DF OF 
 1 Kris Versteeg            Eric O'Dell              60     1   2  2  
 2 Luke Adam                Brett Sutter             40     1   2  2  

4 vs 4 Defense
   Defense                  Defense                  Time % Phy DF OF 
 1 Andy Greene              Eric Gelinas             60     1   2  2  
 2 Damon Severson           Mark Cundari             40     1   2  2  

Last Minutes Offensive
   Center                   Left Wing                Right Wing               Defense                  Defense                  
   Eric O'Dell              Kris Versteeg            Brad Mills               Andy Greene              Eric Gelinas             

Last Minutes Defensive
   Center                   Left Wing                Right Wing               Defense                  Defense                  
   Eric O'Dell              Kris Versteeg            Brad Mills               Andy Greene              Eric Gelinas             

Goaltenders
Starting : Marc-Andre Fleury        
Backup : Patrik Bartosak          

Extra Forwards
Normal : Shawn O'Donnell, Chris Bruton, Kevin Henderson - PP : Shawn O'Donnell, Chris Bruton - PK : Kevin Henderson
Extra Defensemen
Normal : Steve Oleksy, Julian Melchiori, Damon Severson - PP : Steve Oleksy - PK : Julian Melchiori, Damon Severson
Penalty Shots
Kris Versteeg, Eric O'Dell, Luke Adam, Brett Sutter, Kevin Henderson

% Time on Ice - Sabres

Lines # - Real PCT - Wanted PCT - Time Play
Normal Forward
1 - 29% - 35% - 13:53
2 - 29% - 33% - 13:32
3 - 24% - 20% - 11:08
4 - 19% - 12% - 8:47
Normal Defense
1 - 35% - 35% - 16:39
2 - 30% - 30% - 14:23
3 - 30% - 25% - 14:23
4 - 4% - 10% - 1:55
PP Forward
1 - 58% - 57% - 3:31
2 - 42% - 43% - 2:33
PP Defense
1 - 50% - 57% - 3:03
2 - 50% - 43% - 3:01
PK Forward
1 - 48% - 50% - 3:12
2 - 52% - 50% - 3:24
PK Defense
1 - 51% - 50% - 3:20
2 - 49% - 50% - 3:16
PK3 Forward
1 - 37% - 50% - 1:11
2 - 63% - 50% - 2:01
PK3 Defense
1 - 56% - 50% - 1:48
2 - 44% - 50% - 1:24
44 Forward
1 - 100% - 57% - 1:48
2 - 0% - 43% - 0:00
44 Defense
1 - 31% - 57% - 0:34
2 - 69% - 43% - 1:14
Last Minute Offensive  - 0:00
Last Minute Defensive  - 0:00
Total
Forward - 65:00
Defense - 65:00

% Time on Ice - Capitals

Lines # - Real PCT - Wanted PCT - Time Play
Normal Forward
1 - 12% - 35% - 5:50
2 - 33% - 30% - 15:23
3 - 29% - 22% - 13:37
4 - 26% - 13% - 12:30
Normal Defense
1 - 31% - 35% - 14:36
2 - 35% - 30% - 16:48
3 - 29% - 22% - 13:38
4 - 5% - 13% - 2:18
PP Forward
1 - 42% - 60% - 2:46
2 - 58% - 40% - 3:50
PP Defense
1 - 71% - 60% - 4:43
2 - 29% - 40% - 1:53
PK Forward
1 - 73% - 60% - 4:24
2 - 27% - 40% - 1:40
PK Defense
1 - 70% - 60% - 4:15
2 - 30% - 40% - 1:49
PK3 Forward
1 - 0% - 60%
2 - 0% - 40%
PK3 Defense
1 - 0% - 60%
2 - 0% - 40%
44 Forward
1 - 100% - 60% - 5:00
2 - 0% - 40% - 0:00
44 Defense
1 - 55% - 60% - 2:46
2 - 45% - 40% - 2:14
Last Minute Offensive  - 0:00
Last Minute Defensive  - 0:00
Total
Forward - 65:00
Defense - 65:00

Play by Play

1st period


0:01 of 1st period - Sidney Crosby wins face-off versus Eric O'Dell in neutral zone.
0:29 of 1st period - Brad Mills and Blake Wheeler fight to a draw.
0:29 of 1st period - Penalty to Brad Mills for Fighting.
0:29 of 1st period - Penalty to Blake Wheeler for Fighting.
0:30 of 1st period - Ryan Kesler wins face-off versus Luke Adam in Sabres zone.
1:09 of 1st period - Brett Sutter is hit by Ryan Kesler and loses puck.
1:35 of 1st period - Eric Gelinas is hit by Rasmus Ristolainen and loses puck.
1:50 of 1st period - Wrist shot by David Perron.
1:50 of 1st period - Stopped by Marc-Andre Fleury with a rebound.
2:30 of 1st period - Eric O'Dell is hit by Dwight King.
2:47 of 1st period - Kyle Jean beats up Sidney Crosby.
2:47 of 1st period - Penalty to Kyle Jean for Fighting.
2:47 of 1st period - Penalty to Sidney Crosby for Fighting.
2:47 of 1st period - Penalty to Kyle Jean for instigated a fight.
2:47 of 1st period - Penalty to Kyle Jean for instigated a fight.
2:48 of 1st period - Steven Stamkos wins face-off versus Kris Versteeg in Capitals zone.
3:07 of 1st period - Snap shot by Steven Stamkos.
3:07 of 1st period - Shot Blocked by Eric Gelinas.
3:19 of 1st period - Snap shot by Steven Stamkos.
3:19 of 1st period - Deflect By David Perron.
3:19 of 1st period - Shot Blocked by Andy Greene.
3:19 of 1st period - Puck is out of play.
3:20 of 1st period - Ryan Kesler wins face-off versus Kris Versteeg in Capitals zone.
3:21 of 1st period - Wrist shot by Benoit Pouliot.
3:21 of 1st period - Shot Misses the Net.
3:23 of 1st period - Slapshot by Jay Bouwmeester.
3:23 of 1st period - Stopped by Marc-Andre Fleury without a rebound.
3:24 of 1st period - Ryan Kesler wins face-off versus Kris Versteeg in Capitals zone.
3:27 of 1st period - Snap shot by Benoit Pouliot.
3:27 of 1st period - Shot Misses the Net.
4:47 of 1st period - Penalty to Kyle Jean is over, Kevin Henderson is send on ice.
4:59 of 1st period - Andy Greene is hit by Steven Stamkos.
5:26 of 1st period - Slapshot by Dwight King.
5:26 of 1st period - Stopped by Marc-Andre Fleury without a rebound.
5:27 of 1st period - Matt Stajan wins face-off versus Greg Miller in Capitals zone.
5:32 of 1st period - Snap shot by Pierre-Alexandre Parenteau.
5:32 of 1st period - Shot Misses the Net.
5:34 of 1st period - Snap shot by Matt Stajan.
5:34 of 1st period - Shot Blocked by Steve Oleksy.
5:36 of 1st period - Snap shot by Matt Stajan.
5:36 of 1st period - Shot Blocked by Julian Melchiori.
5:38 of 1st period - Slapshot by Alex Pietrangelo.
5:38 of 1st period - Stopped by Marc-Andre Fleury with a rebound.
6:04 of 1st period - Snap shot by Dwight King.
6:04 of 1st period - Shot Blocked by Julian Melchiori.
6:06 of 1st period - Slapshot by Jay Bouwmeester.
6:06 of 1st period - Shot Misses the Net.
6:08 of 1st period - Slapshot by Rasmus Ristolainen.
6:08 of 1st period - Stopped by Marc-Andre Fleury with a rebound.
6:26 of 1st period - Snap shot by Dwight King.
6:26 of 1st period - Shot Misses the Net.
6:28 of 1st period - Slapshot by Jay Bouwmeester.
6:28 of 1st period - Deflect By Chris Higgins.
6:28 of 1st period - Stopped by Marc-Andre Fleury with a rebound.
7:15 of 1st period - Damon Severson is hit by Matt Stajan and loses puck.
7:43 of 1st period - Slapshot by Eric Gelinas.
7:43 of 1st period - Shot Blocked by Boyd Gordon.
8:08 of 1st period - Minor Penalty to Sidney Crosby for Hooking.
8:09 of 1st period - Ryan Kesler wins face-off versus Luke Adam in Sabres zone.
8:37 of 1st period - Boyd Gordon is hit by Eric Gelinas and loses puck.
8:48 of 1st period - Slapshot by Ryan Kesler.
8:48 of 1st period - Stopped by Marc-Andre Fleury with a rebound.
9:11 of 1st period - Snap shot by Chris Higgins.
9:11 of 1st period - Stopped by Marc-Andre Fleury without a rebound.
9:12 of 1st period - Boyd Gordon wins face-off versus Eric O'Dell in Capitals zone.
10:08 of 1st period - Penalty to Sidney Crosby is over, Sidney Crosby is back on ice.
10:56 of 1st period - Greg Miller is hit by Pierre-Alexandre Parenteau and loses puck.
11:45 of 1st period - Minor Penalty to Shawn O'Donnell for Hooking.
11:46 of 1st period - Ryan Kesler wins face-off versus Kris Versteeg in Capitals zone.
11:50 of 1st period - Slapshot by Rasmus Ristolainen.
11:50 of 1st period - Stopped by Marc-Andre Fleury with a rebound.
11:52 of 1st period - Slapshot by Rasmus Ristolainen.
11:52 of 1st period - Goal by Rasmus Ristolainen - Sabres : 1 - Capitals : 0.
11:53 of 1st period - Luke Adam wins face-off versus Ryan Kesler in neutral zone.
11:58 of 1st period - Slapshot by Andy Greene.
11:58 of 1st period - Stopped by Karri Ramo with a rebound.
12:00 of 1st period - Slapshot by Andy Greene.
12:00 of 1st period - Stopped by Karri Ramo without a rebound.
12:01 of 1st period - Luke Adam wins face-off versus Benoit Pouliot in Sabres zone.
12:22 of 1st period - Alex Pietrangelo is hit by Luke Adam and loses puck.
12:39 of 1st period - Snap shot by Kris Versteeg.
12:39 of 1st period - Stopped by Karri Ramo without a rebound.
12:40 of 1st period - Gustav Nyquist wins face-off versus Maxime Macenauer in Sabres zone.
12:49 of 1st period - Damon Severson is hit by Nikita Zadorov and loses puck.
13:00 of 1st period - Mark Cundari is hit by Nate Schmidt and loses puck.
13:43 of 1st period - Eric Gelinas is hit by David Perron and loses puck.
13:56 of 1st period - Wrist shot by Pierre-Alexandre Parenteau.
13:56 of 1st period - Stopped by Marc-Andre Fleury with a rebound.
14:22 of 1st period - Snap shot by Ryan Kesler.
14:22 of 1st period - Shot Misses the Net.
14:28 of 1st period - Wrist shot by Ryan Kesler.
14:28 of 1st period - Shot Misses the Net.
14:30 of 1st period - Snap shot by Alex Pietrangelo.
14:30 of 1st period - Stopped by Marc-Andre Fleury with a rebound.
14:34 of 1st period - Wrist shot by Ryan Kesler.
14:34 of 1st period - Shot Misses the Net.
16:20 of 1st period - Wrist shot by Damon Severson.
16:20 of 1st period - Shot Blocked by Brooks Orpik.
16:22 of 1st period - Slapshot by Damon Severson.
16:22 of 1st period - Stopped by Karri Ramo with a rebound.
16:26 of 1st period - Slapshot by Damon Severson.
16:26 of 1st period - Stopped by Karri Ramo with a rebound.
16:28 of 1st period - Slapshot by Kevin Henderson.
16:28 of 1st period - Stopped by Karri Ramo with a rebound.
16:30 of 1st period - Slapshot by Damon Severson.
16:30 of 1st period - Shot Blocked by Alex Pietrangelo.
17:12 of 1st period - Damon Severson is hit by Benoit Pouliot.
17:37 of 1st period - Julian Melchiori is hit by Chris Higgins and loses puck.
17:47 of 1st period - 10 Minutes Misconduct Penalty to Kyle Jean is over.
18:10 of 1st period - Kris Versteeg is hit by Sidney Crosby and loses puck.
19:07 of 1st period - Minor Penalty to Pierre-Alexandre Parenteau for Hooking.
19:08 of 1st period - Boyd Gordon wins face-off versus Luke Adam in Sabres zone.
19:16 of 1st period - Chris Higgins is hit by Luke Adam and loses puck.
19:31 of 1st period - Ryan Kesler is hit by Eric Neilson and loses puck.
Goals for this period are 1 for Sabres vs 0 for Capitals.
Shots for this period are 12 for Sabres vs 6 for Capitals.

2nd period


0:01 of 2nd period - Boyd Gordon wins face-off versus Eric O'Dell in neutral zone.
0:16 of 2nd period - Slapshot by Boyd Gordon.
0:16 of 2nd period - Shot Blocked by Eric O'Dell.
0:28 of 2nd period - Wrist shot by Kris Versteeg.
0:28 of 2nd period - Shot Misses the Net.
0:48 of 2nd period - Slapshot by Andy Greene.
0:48 of 2nd period - Deflect By Luke Adam.
0:48 of 2nd period - Stopped by Karri Ramo with a rebound.
0:58 of 2nd period - Slapshot by Damon Severson.
0:58 of 2nd period - Goal by Damon Severson - Sabres : 1 - Capitals : 1.
0:59 of 2nd period - Sidney Crosby wins face-off versus Luke Adam in neutral zone.
1:19 of 2nd period - Minor Penalty to Brett Sutter for Tripping.
1:20 of 2nd period - Kris Versteeg wins face-off versus Sidney Crosby in Capitals zone.
2:09 of 2nd period - Snap shot by Benoit Pouliot.
2:09 of 2nd period - Shot Blocked by Andy Greene.
2:19 of 2nd period - Slapshot by Ryan Kesler.
2:19 of 2nd period - Shot Misses the Net.
2:53 of 2nd period - Slapshot by Sidney Crosby.
2:53 of 2nd period - Shot Misses the Net.
3:19 of 2nd period - Penalty to Brett Sutter is over, Brett Sutter is back on ice.
3:46 of 2nd period - Greg Miller is hit by David Perron.
3:50 of 2nd period - Kyle Jean is hit by Alex Pietrangelo and loses puck.
4:37 of 2nd period - Slapshot by Chris Higgins.
4:37 of 2nd period - Deflect By Boyd Gordon.
4:37 of 2nd period - Stopped by Marc-Andre Fleury with a rebound.
4:39 of 2nd period - Slapshot by Nate Schmidt.
4:39 of 2nd period - Shot Blocked by Julian Melchiori.
4:47 of 2nd period - Snap shot by Alex Pietrangelo.
4:47 of 2nd period - Deflect By Chris Higgins.
4:47 of 2nd period - Stopped by Marc-Andre Fleury without a rebound.
4:48 of 2nd period - Sidney Crosby wins face-off versus Maxime Macenauer in Capitals zone.
5:47 of 2nd period - Off-side.
5:48 of 2nd period - Matt Stajan wins face-off versus Maxime Macenauer in neutral zone.
6:23 of 2nd period - Snap shot by Pierre-Alexandre Parenteau.
6:23 of 2nd period - Stopped by Marc-Andre Fleury without a rebound.
6:24 of 2nd period - Luke Adam wins face-off versus Boyd Gordon in Capitals zone.
6:57 of 2nd period - Shawn O'Donnell is hit by Chris Higgins and loses puck.
7:23 of 2nd period - Greg Miller is hit by Nate Schmidt and loses puck.
7:46 of 2nd period - Slapshot by Eric Gelinas.
7:46 of 2nd period - Shot Blocked by Nate Schmidt.
7:51 of 2nd period - Off-side.
7:52 of 2nd period - Ryan Kesler wins face-off versus Luke Adam in neutral zone.
8:02 of 2nd period - Off-side.
8:03 of 2nd period - Ryan Kesler wins face-off versus Maxime Macenauer in neutral zone.
9:04 of 2nd period - Slapshot by Blake Wheeler.
9:04 of 2nd period - Stopped by Marc-Andre Fleury with a rebound.
9:12 of 2nd period - Wrist shot by Sidney Crosby.
9:12 of 2nd period - Stopped by Marc-Andre Fleury without a rebound.
9:13 of 2nd period - Greg Miller wins face-off versus Pierre-Alexandre Parenteau in Capitals zone.
9:26 of 2nd period - Slapshot by Damon Severson.
9:26 of 2nd period - Shot Blocked by Matt Stajan.
9:37 of 2nd period - Icing by Kyle Jean.
9:38 of 2nd period - Greg Miller wins face-off versus Ryan Kesler in Capitals zone.
9:45 of 2nd period - Rasmus Ristolainen is hit by Eric O'Dell and loses puck.
10:26 of 2nd period - Kevin Henderson is hit by Sidney Crosby and loses puck.
10:33 of 2nd period - Slapshot by Kris Versteeg.
10:33 of 2nd period - Shot Misses the Net.
10:39 of 2nd period - Kevin Henderson is hit by Jay Bouwmeester and loses puck.
12:44 of 2nd period - Icing by Benoit Pouliot.
12:45 of 2nd period - Ryan Kesler wins face-off versus Luke Adam in Sabres zone.
13:27 of 2nd period - Slapshot by Sidney Crosby.
13:27 of 2nd period - Stopped by Marc-Andre Fleury with a rebound.
13:29 of 2nd period - Snap shot by Jay Bouwmeester.
13:29 of 2nd period - Shot Misses the Net.
13:44 of 2nd period - Minor Penalty to Mark Cundari for Hooking.
13:45 of 2nd period - Sidney Crosby wins face-off versus Kris Versteeg in Capitals zone.
14:59 of 2nd period - Snap shot by Gustav Nyquist.
14:59 of 2nd period - Shot Blocked by Eric O'Dell.
15:01 of 2nd period - Snap shot by Steven Stamkos.
15:01 of 2nd period - Stopped by Marc-Andre Fleury with a rebound.
15:11 of 2nd period - Eric Gelinas is hit by Ryan Kesler and loses puck.
15:44 of 2nd period - Penalty to Mark Cundari is over, Mark Cundari is back on ice.
15:51 of 2nd period - Damon Severson is hit by Sidney Crosby and loses puck.
16:02 of 2nd period - Slapshot by Damon Severson.
16:02 of 2nd period - Shot Blocked by Nate Schmidt.
16:04 of 2nd period - Wrist shot by Julian Melchiori.
16:04 of 2nd period - Shot Blocked by Nikita Zadorov.
16:33 of 2nd period - Icing by Pierre-Alexandre Parenteau.
16:34 of 2nd period - Luke Adam wins face-off versus Matt Stajan in Sabres zone.
16:43 of 2nd period - Brett Sutter is hit by David Perron and loses puck.
17:54 of 2nd period - Ryan Kesler is hit by Maxime Macenauer and loses puck.
18:05 of 2nd period - Jay Bouwmeester is hit by Eric Gelinas and loses puck.
18:12 of 2nd period - Snap shot by Andy Greene.
18:12 of 2nd period - Deflect By Luke Adam.
18:12 of 2nd period - Shot Blocked by Ryan Kesler.
18:12 of 2nd period - Puck is out of play.
18:13 of 2nd period - Sidney Crosby wins face-off versus Luke Adam in Sabres zone.
18:59 of 2nd period - Wrist shot by Steven Stamkos.
18:59 of 2nd period - Stopped by Marc-Andre Fleury without a rebound.
19:00 of 2nd period - Greg Miller wins face-off versus Ryan Kesler in Capitals zone.
19:05 of 2nd period - Steven Stamkos is hit by Eric O'Dell and loses puck.
19:50 of 2nd period - Snap shot by Chris Higgins.
19:50 of 2nd period - Shot Misses the Net.
Goals for this period are 0 for Sabres vs 1 for Capitals.
Shots for this period are 8 for Sabres vs 2 for Capitals.

3rd period


0:01 of 3rd period - Ryan Kesler wins face-off versus Eric O'Dell in neutral zone.
0:08 of 3rd period - Snap shot by Steven Stamkos.
0:08 of 3rd period - Stopped by Marc-Andre Fleury with a rebound.
0:54 of 3rd period - Andy Greene is hit by Sidney Crosby.
1:06 of 3rd period - Mark Cundari is hit by Blake Wheeler and loses puck.
1:13 of 3rd period - Snap shot by Sidney Crosby.
1:13 of 3rd period - Stopped by Marc-Andre Fleury without a rebound.
1:14 of 3rd period - Matt Stajan wins face-off versus Luke Adam in Capitals zone.
1:17 of 3rd period - Snap shot by Pierre-Alexandre Parenteau.
1:17 of 3rd period - Stopped by Marc-Andre Fleury with a rebound.
1:19 of 3rd period - Snap shot by David Perron.
1:19 of 3rd period - Stopped by Marc-Andre Fleury without a rebound.
1:20 of 3rd period - David Perron wins face-off versus Luke Adam in Capitals zone.
1:31 of 3rd period - Slapshot by Damon Severson.
1:31 of 3rd period - Stopped by Karri Ramo with a rebound.
1:33 of 3rd period - Wrist shot by Brett Sutter.
1:33 of 3rd period - Stopped by Karri Ramo with a rebound.
1:35 of 3rd period - Slapshot by Damon Severson.
1:35 of 3rd period - Stopped by Karri Ramo with a rebound.
1:37 of 3rd period - Slapshot by Damon Severson.
1:37 of 3rd period - Stopped by Karri Ramo with a rebound.
1:39 of 3rd period - Slapshot by Damon Severson.
1:39 of 3rd period - Deflect By Rasmus Ristolainen.
1:39 of 3rd period - Stopped by Karri Ramo with a rebound.
1:47 of 3rd period - Slapshot by Eric Neilson.
1:47 of 3rd period - Shot Misses the Net.
1:49 of 3rd period - Slapshot by Damon Severson.
1:49 of 3rd period - Stopped by Karri Ramo with a rebound.
2:03 of 3rd period - Snap shot by Kris Versteeg.
2:03 of 3rd period - Stopped by Karri Ramo without a rebound.
2:04 of 3rd period - Ryan Kesler wins face-off versus Maxime Macenauer in Sabres zone.
2:17 of 3rd period - Slapshot by Ryan Kesler.
2:17 of 3rd period - Stopped by Marc-Andre Fleury with a rebound.
2:35 of 3rd period - Snap shot by Ryan Kesler.
2:35 of 3rd period - Stopped by Marc-Andre Fleury with a rebound.
2:37 of 3rd period - Snap shot by Ryan Kesler.
2:37 of 3rd period - Shot Misses the Net.
3:31 of 3rd period - Wrist shot by Damon Severson.
3:31 of 3rd period - Shot Misses the Net.
3:33 of 3rd period - Slapshot by Damon Severson.
3:33 of 3rd period - Stopped by Karri Ramo with a rebound.
3:35 of 3rd period - Snap shot by Eric O'Dell.
3:35 of 3rd period - Stopped by Karri Ramo with a rebound.
3:37 of 3rd period - Wrist shot by Mark Cundari.
3:37 of 3rd period - Deflect By Boyd Gordon.
3:37 of 3rd period - Stopped by Karri Ramo without a rebound.
3:38 of 3rd period - Boyd Gordon wins face-off versus Greg Miller in Sabres zone.
3:43 of 3rd period - Snap shot by Chris Higgins.
3:43 of 3rd period - Shot Blocked by Damon Severson.
4:01 of 3rd period - Jay Bouwmeester is hit by Eric O'Dell and loses puck.
4:38 of 3rd period - Benoit Pouliot is hit by Mark Cundari and loses puck.
6:02 of 3rd period - Snap shot by Eric O'Dell.
6:02 of 3rd period - Shot Misses the Net.
7:05 of 3rd period - Icing by Brett Sutter.
7:06 of 3rd period - Luke Adam wins face-off versus Ryan Kesler in Capitals zone.
7:11 of 3rd period - Slapshot by Eric Gelinas.
7:11 of 3rd period - Deflect By Brett Sutter.
7:11 of 3rd period - Stopped by Karri Ramo without a rebound.
7:12 of 3rd period - Ryan Kesler wins face-off versus Eric Neilson in Sabres zone.
7:23 of 3rd period - Slapshot by Ryan Kesler.
7:23 of 3rd period - Shot Misses the Net.
7:25 of 3rd period - Slapshot by Alex Pietrangelo.
7:25 of 3rd period - Shot Blocked by Andy Greene.
7:27 of 3rd period - Slapshot by Brooks Orpik.
7:27 of 3rd period - Stopped by Marc-Andre Fleury with a rebound.
7:29 of 3rd period - Slapshot by Brooks Orpik.
7:29 of 3rd period - Shot Blocked by Andy Greene.
7:33 of 3rd period - Slapshot by Ryan Kesler.
7:33 of 3rd period - Shot Blocked by Eric Gelinas.
7:35 of 3rd period - Slapshot by Alex Pietrangelo.
7:35 of 3rd period - Stopped by Marc-Andre Fleury with a rebound.
7:37 of 3rd period - Slapshot by Brooks Orpik.
7:37 of 3rd period - Shot Blocked by Eric Gelinas.
9:00 of 3rd period - Snap shot by Pierre-Alexandre Parenteau.
9:00 of 3rd period - Stopped by Marc-Andre Fleury without a rebound.
9:01 of 3rd period - Sidney Crosby wins face-off versus Maxime Macenauer in Capitals zone.
9:53 of 3rd period - Rasmus Ristolainen is hit by Eric Gelinas and loses puck.
10:13 of 3rd period - Off-side.
10:14 of 3rd period - Matt Stajan wins face-off versus Luke Adam in neutral zone.
10:19 of 3rd period - Wrist shot by David Perron.
10:19 of 3rd period - Stopped by Marc-Andre Fleury without a rebound.
10:20 of 3rd period - Matt Stajan wins face-off versus Luke Adam in Capitals zone.
11:06 of 3rd period - Snap shot by Kris Versteeg.
11:06 of 3rd period - Shot Misses the Net.
11:08 of 3rd period - Slapshot by Kevin Henderson.
11:08 of 3rd period - Shot Misses the Net.
11:10 of 3rd period - Slapshot by Damon Severson.
11:10 of 3rd period - Shot Blocked by Rasmus Ristolainen.
11:12 of 3rd period - Slapshot by Damon Severson.
11:12 of 3rd period - Shot Blocked by Rasmus Ristolainen.
11:26 of 3rd period - Wrist shot by Luke Adam.
11:26 of 3rd period - Stopped by Karri Ramo with a rebound.
11:28 of 3rd period - Slapshot by Brett Sutter.
11:28 of 3rd period - Shot Misses the Net.
11:30 of 3rd period - Snap shot by Luke Adam.
11:30 of 3rd period - Stopped by Karri Ramo with a rebound.
11:32 of 3rd period - Slapshot by Damon Severson.
11:32 of 3rd period - Stopped by Karri Ramo with a rebound.
11:34 of 3rd period - Snap shot by Luke Adam.
11:34 of 3rd period - Shot Blocked by Ryan Kesler.
11:36 of 3rd period - Snap shot by Brett Sutter.
11:36 of 3rd period - Stopped by Karri Ramo without a rebound.
11:37 of 3rd period - Sidney Crosby wins face-off versus Luke Adam in Sabres zone.
11:52 of 3rd period - Wrist shot by Sidney Crosby.
11:52 of 3rd period - Stopped by Marc-Andre Fleury with a rebound.
12:32 of 3rd period - Slapshot by Damon Severson.
12:32 of 3rd period - Stopped by Karri Ramo with a rebound.
12:34 of 3rd period - Backhand shot by Damon Severson.
12:34 of 3rd period - Shot Blocked by Chris Higgins.
12:36 of 3rd period - Wrist shot by Maxime Macenauer.
12:36 of 3rd period - Stopped by Karri Ramo with a rebound.
12:38 of 3rd period - Slapshot by Damon Severson.
12:38 of 3rd period - Shot Blocked by Dwight King.
12:40 of 3rd period - Snap shot by Maxime Macenauer.
12:40 of 3rd period - Stopped by Karri Ramo without a rebound.
12:41 of 3rd period - Maxime Macenauer wins face-off versus Ryan Kesler in Sabres zone.
12:44 of 3rd period - Wrist shot by Kris Versteeg.
12:44 of 3rd period - Shot Misses the Net.
12:54 of 3rd period - Slapshot by Damon Severson.
12:54 of 3rd period - Stopped by Karri Ramo with a rebound.
12:56 of 3rd period - Snap shot by Brad Mills.
12:56 of 3rd period - Shot Blocked by Nikita Zadorov.
12:58 of 3rd period - Wrist shot by Eric O'Dell.
12:58 of 3rd period - Stopped by Karri Ramo without a rebound.
12:59 of 3rd period - Ryan Kesler wins face-off versus Eric O'Dell in Sabres zone.
14:06 of 3rd period - Kevin Henderson is hit by Blake Wheeler and loses puck.
14:24 of 3rd period - Minor Penalty to Pierre-Alexandre Parenteau for Tripping.
14:25 of 3rd period - Boyd Gordon wins face-off versus Luke Adam in Sabres zone.
15:02 of 3rd period - Brooks Orpik is hit by Eric O'Dell and loses puck.
15:07 of 3rd period - Slapshot by Kris Versteeg.
15:07 of 3rd period - Stopped by Karri Ramo without a rebound.
15:08 of 3rd period - Boyd Gordon wins face-off versus Eric O'Dell in Sabres zone.
15:49 of 3rd period - Wrist shot by Kris Versteeg.
15:49 of 3rd period - Stopped by Karri Ramo with a rebound.
15:51 of 3rd period - Wrist shot by Eric O'Dell.
15:51 of 3rd period - Deflect By Nikita Zadorov.
15:51 of 3rd period - Stopped by Karri Ramo with a rebound.
15:53 of 3rd period - Wrist shot by Brad Mills.
15:53 of 3rd period - Deflect By Kris Versteeg.
15:53 of 3rd period - Deflect By Boyd Gordon.
15:53 of 3rd period - Shot Misses the Net.
15:53 of 3rd period - Puck is out of play.
15:54 of 3rd period - Ryan Kesler wins face-off versus Eric O'Dell in Sabres zone.
16:24 of 3rd period - Penalty to Pierre-Alexandre Parenteau is over, Pierre-Alexandre Parenteau is back on ice.
18:20 of 3rd period - Kevin Henderson and Ryan Kesler fight to a draw.
18:20 of 3rd period - Penalty to Kevin Henderson for Fighting.
18:20 of 3rd period - Penalty to Ryan Kesler for Fighting.
18:21 of 3rd period - Gustav Nyquist wins face-off versus Luke Adam in neutral zone.
18:36 of 3rd period - Wrist shot by Damon Severson.
18:36 of 3rd period - Stopped by Karri Ramo with a rebound.
18:56 of 3rd period - Snap shot by Eric O'Dell.
18:56 of 3rd period - Stopped by Karri Ramo with a rebound.
18:58 of 3rd period - Slapshot by Mark Cundari.
18:58 of 3rd period - Stopped by Karri Ramo with a rebound.
19:12 of 3rd period - Double Minor Penalty to Jay Bouwmeester for Slashing.
19:13 of 3rd period - Boyd Gordon wins face-off versus Luke Adam in Sabres zone.
19:13 of 3rd period - Boyd Gordon is hit by Eric Neilson.
19:27 of 3rd period - Slapshot by Eric Gelinas.
19:27 of 3rd period - Shot Misses the Net.
19:29 of 3rd period - Slapshot by Andy Greene.
19:29 of 3rd period - Shot Blocked by Dwight King.
19:31 of 3rd period - Wrist shot by Eric Gelinas.
19:31 of 3rd period - Shot Blocked by Chris Higgins.
19:33 of 3rd period - Slapshot by Andy Greene.
19:33 of 3rd period - Deflect By Luke Adam.
19:33 of 3rd period - Shot Misses the Net.
19:33 of 3rd period - Puck is out of play.
19:34 of 3rd period - Chris Higgins wins face-off versus Eric O'Dell in Sabres zone.
Goals for this period are 0 for Sabres vs 0 for Capitals.
Shots for this period are 11 for Sabres vs 26 for Capitals.

Overtime #1


0:01 of 1st overtime period - Boyd Gordon wins face-off versus Kris Versteeg in neutral zone.
0:26 of 1st overtime period - Slapshot by Alex Pietrangelo.
0:26 of 1st overtime period - Shot Blocked by Andy Greene.
0:34 of 1st overtime period - Snap shot by Kris Versteeg.
0:34 of 1st overtime period - Shot Blocked by Brooks Orpik.
0:44 of 1st overtime period - Wrist shot by Andy Greene.
0:44 of 1st overtime period - Shot Blocked by Alex Pietrangelo.
0:46 of 1st overtime period - Slapshot by Andy Greene.
0:46 of 1st overtime period - Shot Blocked by Boyd Gordon.
0:48 of 1st overtime period - Slapshot by Eric Gelinas.
0:48 of 1st overtime period - Shot Blocked by Brooks Orpik.
0:50 of 1st overtime period - Slapshot by Andy Greene.
0:50 of 1st overtime period - Stopped by Karri Ramo with a rebound.
0:52 of 1st overtime period - Slapshot by Kris Versteeg.
0:52 of 1st overtime period - Shot Misses the Net.
0:54 of 1st overtime period - Slapshot by Mark Cundari.
0:54 of 1st overtime period - Shot Misses the Net.
1:12 of 1st overtime period - Wrist shot by Kris Versteeg.
1:12 of 1st overtime period - Stopped by Karri Ramo with a rebound.
1:14 of 1st overtime period - Slapshot by Mark Cundari.
1:14 of 1st overtime period - Stopped by Karri Ramo without a rebound.
1:15 of 1st overtime period - Chris Higgins wins face-off versus Kris Versteeg in Sabres zone.
1:38 of 1st overtime period - Slapshot by Andy Greene.
1:38 of 1st overtime period - Shot Blocked by Benoit Pouliot.
1:40 of 1st overtime period - Wrist shot by Kris Versteeg.
1:40 of 1st overtime period - Stopped by Karri Ramo with a rebound.
1:42 of 1st overtime period - Wrist shot by Kris Versteeg.
1:42 of 1st overtime period - Shot Misses the Net.
1:52 of 1st overtime period - Snap shot by Eric O'Dell.
1:52 of 1st overtime period - Stopped by Karri Ramo with a rebound.
2:14 of 1st overtime period - Slapshot by Mark Cundari.
2:14 of 1st overtime period - Stopped by Karri Ramo with a rebound.
2:33 of 1st overtime period - Slapshot by Alex Pietrangelo.
2:33 of 1st overtime period - Shot Misses the Net.
2:57 of 1st overtime period - Andy Greene is hit by Alex Pietrangelo and loses puck.
3:12 of 1st overtime period - Penalty to Jay Bouwmeester is over, Jay Bouwmeester is back on ice.
3:20 of 1st overtime period - Penalty to Kevin Henderson is over, Kevin Henderson is back on ice.
3:20 of 1st overtime period - Penalty to Ryan Kesler is over, Ryan Kesler is back on ice.
3:23 of 1st overtime period - Slapshot by Jay Bouwmeester.
3:23 of 1st overtime period - Stopped by Marc-Andre Fleury with a rebound.
3:25 of 1st overtime period - Slapshot by Boyd Gordon.
3:25 of 1st overtime period - Shot Blocked by Damon Severson.
3:39 of 1st overtime period - Slapshot by Kris Versteeg.
3:39 of 1st overtime period - Stopped by Karri Ramo with a rebound.
4:05 of 1st overtime period - Slapshot by Andy Greene.
4:05 of 1st overtime period - Shot Blocked by Nikita Zadorov.
4:07 of 1st overtime period - Wrist shot by Andy Greene.
4:07 of 1st overtime period - Stopped by Karri Ramo without a rebound.
4:08 of 1st overtime period - Sidney Crosby wins face-off versus Chris Bruton in Sabres zone.
4:27 of 1st overtime period - Snap shot by Sidney Crosby.
4:27 of 1st overtime period - Stopped by Marc-Andre Fleury with a rebound.
Goals for this period are 0 for Sabres vs 0 for Capitals.
Shots for this period are 2 for Sabres vs 8 for Capitals.

ShootOut


5:00 of 1st overtime period - Penalty Shot by Sidney Crosby for Sabres.
5:00 of 1st overtime period - Deke by Sidney Crosby.
5:00 of 1st overtime period - Goal by Sidney Crosby.
5:00 of 1st overtime period - Penalty Shot by Kris Versteeg for Capitals.
5:00 of 1st overtime period - Snap shot by Kris Versteeg.
5:00 of 1st overtime period - Stopped by Karri Ramo.
5:00 of 1st overtime period - Penalty Shot by Steven Stamkos for Sabres.
5:00 of 1st overtime period - Backhand shot by Steven Stamkos.
5:00 of 1st overtime period - Stopped by Marc-Andre Fleury.
5:00 of 1st overtime period - Penalty Shot by Eric O'Dell for Capitals.
5:00 of 1st overtime period - Wrist shot by Eric O'Dell.
5:00 of 1st overtime period - Shot Misses the Net.
5:00 of 1st overtime period - Penalty Shot by Gustav Nyquist for Sabres.
5:00 of 1st overtime period - Wrist shot by Gustav Nyquist.
5:00 of 1st overtime period - Stopped by Marc-Andre Fleury.
5:00 of 1st overtime period - Penalty Shot by Luke Adam for Capitals.
5:00 of 1st overtime period - Deke by Luke Adam.
5:00 of 1st overtime period - Stopped by Karri Ramo.